 Dungeon Crawl Stone Soup version 0.21-a0-264-g3e31e41 (webtiles) character file.

761 Monsterracer the Skirmisher (level 7, -9/88 HPs)
             Began as a Barachi Wanderer on Sept 8, 2017.
             Was an Initiate of Wu Jian.
             Mangled by an ogre
             ... wielding a +0 giant club
              (19 damage)
             ... on level 4 of the Dungeon.
             The game lasted 00:08:52 (4360 turns).

Monsterracer the Skirmisher (Barachi Wanderer)      Turns: 4360, Time: 00:08:52

Health: -9/88      AC: 23    Str: 15    XL:     7   Next: 80%
Magic:  17/17      EV:  2    Int: 12    God:    Wu Jian [......]
Gold:   127        SH:  0    Dex: 12    Spells: 6/6 levels left

rFire    . . .     SeeInvis .   a - +0 falchion
rCold    . . .     Gourm    .   (no shield)
rNeg     + + +     Faith    .   (armour currently unavailable)
rPois    +         Spirit   .   (helmet currently unavailable)
rElec    .         Reflect  .   (cloak currently unavailable)
rCorr    .         Harm     .   (gloves currently unavailable)
MR       .....     NoTele   +   (boots currently unavailable)
Stlth    +.........             w - amulet of rage
HPRegen  0.24/turn              o - ring of magical power
MPRegen  0.15/turn              (no ring)

@: tree-form, can't hop
A: +LOS, swims
a: Renounce Religion, Evoke Berserk Rage


You were on level 4 of the Dungeon.
You worshipped Wu Jian.
Wu Jian was noncommittal.
You were near starving.
You were a tree.
You visited 2 branches of the dungeon, and saw 5 of its levels.

You collected 127 gold pieces.

Inventory:

Hand Weapons
 a - a +0 falchion (weapon)
 b - a +2 hand crossbow
Missiles
 k - 20 bolts
Armour
 m - a +0 scale mail (melded)
 r - a +0 crystal plate armour
 s - a +0 plate armour
 u - a +1 helmet (melded)
Jewellery
 o - a ring of magical power (left branch)
 w - an amulet of rage (around neck)
Scrolls
 d - 3 scrolls of teleportation
 e - 3 scrolls of magic mapping
 h - a scroll of remove curse
 l - a scroll of identify
Potions
 c - a potion of lignification
 i - a potion of agility
 n - a potion of heal wounds
 t - 3 potions of curing
Comestibles
 f - 4 bread rations
 g - a meat ration
 j - 3 fruits
 p - a royal jelly


   Skills:
 * Level 6.9 Fighting
 * Level 5.6 Long Blades
   Level 1.0 Polearms
 + Level 2.4 Crossbows
 + Level 4.0 Armour
 + Level 3.2 Dodging
 - Level 2.1 Evocations


You had 6 spell levels left.
You didn't know any spells.

Dungeon Overview and Level Annotations

Branches:
Dungeon (4/15)             Temple (1/1) D:4

Altars:
Ashenzari
Cheibriados
Dithmenos
Elyvilon
Fedhas
Hepliaklqana
Kikubaaqudgha
Okawaru
Ru
Sif Muna
Trog
Uskayaw
Vehumet
Wu Jian
Xom
Yredelemnul
Zin


Innate Abilities, Weirdness & Mutations

Shadows flee at your approach. (+LOS)
You can swim through water.
((You cover ground slowly.))
((You can hop short distances.))


Message History

The phantom hits you.
* * * LOW HITPOINT WARNING * * *
The phantom blinks!
The ogre barely misses you.
Damage: -3%(-2hp) hp: 23%(13hp) Unknown command.
You turn into a tree.
Your +1 helmet melds into your body.
Your +0 scale mail melds into your body.
Your roots penetrate the ground.
a - a +0 falchion (weapon)
The ogre hits you with a giant club!
* * * LOW HITPOINT WARNING * * *
Huge Dmg: -11%(-10hp) hp: 11%(9hp)
Okay, then.
You hit the ogre but do no damage.
The ogre is lightly wounded.
The phantom hits you but does no damage.
You completely miss the ogre.
The ogre is lightly wounded.
The ogre hits you with a giant club!!
You die...

****,.***#.......................
**,.,,..##...........##.......
**#.,..#....#........##...... *
*####.##......#................
***.........######.####..##......
,**,*#?.#...* #....####..##.##...
,,*,*#....†## #...(...#.[...##...
,,*,,,,,,#..###..O.##.#..........
,,,,,#..###....W♣..##.#..........
,,,,...?.....†.(...##............
,*,*##########.....####..........
,,,* #..######........... ,,,*
##..# ##)........... ,,**
########...#* #..#.......... ,**
##...#....#..###.##.......... **
##.........##.._..##.......... *
#...........###..###..........


You could see a phantom and an ogre.

Vanquished Creatures
  Sigmund (D:2)
  The ghost of tidbits the Insei, an amateur DgTm (D:4)
  A centaur (D:4)
  Blork the orc (D:4)
  A bullfrog (D:4)
  A hound (D:4)
  An iguana (D:4)
  A hound skeleton (D:4)
  3 gnolls
  9 adders
  2 worms
  A dart slug (D:2)
  2 leopard geckos
  4 orcs (D:3)
  5 giant cockroaches
  6 goblins
  10 hobgoblins
  12 jackals
  6 kobolds
  3 quokkas
  13 bats
  7 frilled lizards
  7 rats
98 creatures vanquished.

Notes
Turn   | Place    | Note
-------+----------+-------------------------------------------
     0 | D:1      | Monsterracer the Barachi Wanderer began the quest for the Orb.
     0 | D:1      | Monsterracer set off with: a +2 hand crossbow, 26 bolts, a potion of lignification, a scroll of teleportation, a +0 robe, a bread ration
     0 | D:1      | Reached XP level 1. HP: 18/18 MP: 2/2
   122 | D:1      | Reached skill level 4 in Fighting
   155 | D:1      | Reached XP level 2. HP: 23/25 MP: 3/3
   595 | D:1      | Reached XP level 3. HP: 31/31 MP: 4/4
  1203 | D:2      | HP: 16/32 [adder (2)]
  1205 | D:2      | Reached skill level 5 in Fighting
  1205 | D:2      | Reached XP level 4. HP: 18/39 MP: 5/5
  1210 | D:2      | HP: 18/39 [poisoned by an adder]
  1397 | D:2      | Noticed Sigmund
  1404 | D:2      | Killed Sigmund
  1404 | D:2      | Reached skill level 6 in Fighting
  1404 | D:2      | Reached XP level 5. HP: 41/46 MP: 6/6
  1656 | D:2      | Reached XP level 6. HP: 49/52 MP: 7/7
  2198 | D:3      | HP: 26/52 [gnoll/whip (3)]
  2209 | D:2      | HP: 21/53 [giant cockroach (2)]
  3168 | D:4      | Found a shadowy altar of Dithmenos.
  3195 | D:4      | Found a staircase to the Ecumenical Temple.
  3210 | D:4      | Reached skill level 1 in Long Blades
  3259 | Temple   | Entered the Ecumenical Temple
  3398 | Temple   | Became a worshipper of the Wu Jian Council
  3430 | D:4      | Reached XP level 7. HP: 47/59 MP: 8/8
  3474 | D:4      | Noticed tidbits's ghost (amateur DgTm)
  3488 | D:4      | Killed tidbits's ghost
  3496 | D:4      | HP: 27/59 [worm (5)]
  3504 | D:4      | HP: 20/59 [worm (1)]
  3735 | D:4      | Reached skill level 5 in Long Blades
  4028 | D:4      | Noticed Blork the orc
  4039 | D:4      | HP: 23/59 [Blork the orc/war axe of electrocution (16)]
  4044 | D:4      | Killed Blork the orc
  4355 | D:4      | HP: 15/59 [ogre/giant club (24)]
  4360 | D:4      | Mangled by an ogre

Vault maps used:
D:1:      lightli_iron_boxes, st_stairs_7
D:2:      serial_bayou, serial_bayou_pond_a, serial_bayou_lagoon_a,
          serial_bayou_lake_a, serial_bayou_pond_a, st_stairs_14, uniq_sigmund
D:3:      first_bread
D:4:      overflow_temple_1_default, temple_fountains, uniq_blork_the_orc
Temple:   eino_temple_rhombus

Skill      XL: |  1  2  3  4  5  6  7 |
---------------+----------------------+-----
Fighting       | 4 5 6 |  6.9
Armour         | 2 3 4 |  4.0
Dodging        | 2 3 |  3.2
Long Blades    | 3 5 |  5.6
Polearms       | |  1.0
Crossbows      | |  2.4
Evocations     | |  2.1

Action                   |  1- 3 |  4- 6 |  7- 9 || total
-------------------------+-------+-------+-------++-------
Melee: Dagger            |    49 |    91 |       ||   140
       Short sword       |       |    52 |       ||    52
       Falchion          |       |    30 |    93 ||   123
 Fire: Hand crossbow     |    60 |    62 |    33 ||   155
 Abil: Hop               |     1 |     1 |     2 ||     4
       Evoke Berserk Rag |       |       |     1 ||     1
  Use: Scroll            |       |    10 |     1 ||    11
       Potion            |       |       |     1 ||     1
  Eat: Chunk             |     1 |     8 |     3 ||    12
Armor: Ring mail         |    47 |   130 |    10 ||   187
       Scale mail        |       |       |    33 ||    33
       Skin              |       |       |     1 ||     1
Dodge: Dodged            |    73 |   211 |    73 ||   357
       Rpst.: Falchion   |       |    14 |    26 ||    40

Table legend:
 A = Spawn XP
 B = Non-spawn XP
 C = Spawn XP percentage of total XP
 D = Spawn monster count
 E = Non-spawn monster count
 F = Spawn count percentage of total count
 G = Total turns spent on level
                    A         B        C        D         E        F      G
               +---------+---------+-------+---------+---------+-------+---------
         Total |       0 |    1088 |   0.0 |       0 |      98 |   0.0 |  4360
               +---------+---------+-------+---------+---------+-------+---------
           D:1 |       0 |      40 |   0.0 |       0 |      25 |   0.0 |  1098
           D:2 |       0 |     332 |   0.0 |       0 |      26 |   0.0 |  1326
           D:3 |       0 |      99 |   0.0 |       0 |      27 |   0.0 |   740
           D:4 |       0 |     617 |   0.0 |       0 |      20 |   0.0 |  1046
               +---------+---------+-------+---------+---------+-------+---------
